 Dungeon Crawl Stone Soup version 0.30.1-11-g7821555f0a (webtiles) character file.

Game seed: 7996748268989825273

564524 pkoi the Grand Master (level 25, -2/212 (216) HPs)
             Began as a Red Draconian Monk on Nov 6, 2023.
             Was the Champion of Dithmenos.
             Killed from afar by an ancient lich (95 damage)
             ... with a crystal spear
             ... on level 4 of the Depths on Nov 9, 2023.
             The game lasted 04:50:02 (125577 turns).

pkoi the Grand Master (Red Draconian Monk)        Turns: 125577, Time: 04:50:03

HP:   -2/212 (216)  AC: 15    Str: 16    XL:     25   Next: 45%
MP:   27/39         EV: 19    Int: 21    God:    Dithmenos [******]
Gold: 2884          SH: 23    Dex: 14    Spells: 30/49 levels left

rFire   + +          +
                       - Unarmed
rCold   + + .        W - +5 Storm Queen's Shield {shock, Fly rElec}
rNeg    + . .        (body armour unavailable)
rPois   +            F - -2 hat of the Alchemist {rElec rPois rF+ rC+ rN+ Will+ rMut rCorr}
rElec   +            J - scarf {rC+ rF+}
rCorr   +            c - +0 pair of gloves "Duvoushu" {Dex+3}
SInv    .            Y - +3 pair of boots of the Game of Life {rPois Str+2 Dex-4}
Will    ++...        q - amulet of reflection
Stlth   +++++++++    v - +4 ring of slaying
HPRegen 0.55/turn    z - +4 ring of protection
MPRegen 0.26/turn

%: reflection, resist mutation
@: corroded, flying, very slightly contaminated, wreathed by umbra, lightly
drained
A: breathe fire, AC +12, unfitting armour, fire resistance 1, cold-blooded
}: 3/15 runes: serpentine, barnacled, silver
a: Breathe Fire, Renounce Religion, Shadow Step, Shadow Form


You were on level 4 of the Depths.
You worshipped Dithmenos.
Dithmenos was exalted by your worship.
You visited 11 branches of the dungeon, and saw 47 of its levels.
You visited 2 bazaars.
You also visited: Sewer.

You collected 8426 gold pieces.
You spent 5542 gold pieces at shops.

Inventory:

Hand Weapons
 b - a +2 sling of draining
Missiles
 o - 67 poisoned darts
 I - 5 throwing nets
Armour
 c - the +0 pair of gloves "Duvoushu" (worn) {Dex+3}
   (You acquired it on level 3 of the Dungeon)

   Dex:       It affects your dexterity (+3).
 F - the -2 hat of the Alchemist (worn) {rElec rPois rF+ rC+ rN+ Will+ rMut rCorr}
   (You bought it in a shop on level 2 of the Snake Pit)

   rF:        It protects you from fire.
   rC:        It protects you from cold.
   rElec:     It insulates you from electricity.
   rPois:     It protects you from poison.
   rN:        It protects you from negative energy.
   rCorr:     It protects you from acid and corrosion.
   rMut:      It protects you from mutation.
   Will:      It increases your willpower.
 J - a scarf of resistance (worn)
 W - the +5 Storm Queen's Shield (worn) {shock, Fly rElec}
   (You took it off a deep elf high priest on level 3 of the Elven Halls)

   Shock:     When it blocks an attack, it may electrocute the attacker.
   This works even against foes who are a short distance away.
   rElec:     It insulates you from electricity.
   Fly:       It grants you flight.
 Y - the +3 pair of boots of the Game of Life (worn) {rPois Str+2 Dex-4}
   (You bought it in a shop on level 13 of the Dungeon)

   Str:       It affects your strength (+2).
   Dex:       It affects your dexterity (-4).
   rPois:     It protects you from poison.
Jewellery
 q - an amulet of reflection (around neck)
 v - a +4 ring of slaying (left hand)
 z - a +4 ring of protection (right hand)
 B - a ring of positive energy
 K - a ring of see invisible
 L - the amulet "Ureturry" {rF+ rN+ Regen+ rCorr Str-3}
   (You found it on level 4 of the Vaults)

   [amulet of regeneration]

   Str:       It affects your strength (-3).
   rF:        It protects you from fire.
   rN:        It protects you from negative energy.
   Regen:     It increases your rate of health regeneration.
   rCorr:     It protects you from acid and corrosion.
 N - a ring of fire
 X - a ring of protection from cold
Wands
 g - a wand of digging (2)
 r - a wand of flame (66)
 s - a wand of polymorph (28)
 y - a wand of charming (72)
 G - a wand of light (14)
 R - a wand of mindburst (37)
 V - a wand of iceblast (49)
Scrolls
 f - 2 scrolls of brand weapon
 h - 4 scrolls of silence
 i - 35 scrolls of identify
 j - 6 scrolls of enchant armour
 l - 8 scrolls of magic mapping
 n - 10 scrolls of fear
 p - 13 scrolls of amnesia
 D - 4 scrolls of teleportation
 H - 10 scrolls of enchant weapon
 M - 9 scrolls of fog
 O - 7 scrolls of blinking
 P - a scroll of summoning
Potions
 a - 3 potions of ambrosia
 d - 11 potions of haste
 e - 5 potions of resistance
 k - 2 potions of might
 m - 4 potions of magic
 t - 4 potions of berserk rage
 u - 10 potions of flight
 w - 7 potions of brilliance
 x - 6 potions of invisibility
 A - 9 potions of heal wounds
 C - 2 potions of cancellation
 E - 26 potions of curing
Miscellaneous
 Q - a phantom mirror


   Skills:
 + Level 15.9 Fighting
 + Level 15.6 Dodging
 - Level 12.0 Stealth
 + Level 15.3 Shields
 O Level 27 Unarmed Combat
 - Level 12.5 Spellcasting
 - Level 9.8 Conjurations
 - Level 12.5 Translocations
 - Level 14.0 Transmutations
 - Level 10.3 Air Magic
 - Level 13.6 Invocations


You had 30 spell levels left.
You knew the following spells:

 Your Spells              Type           Power      Damage    Failure   Level
a - Blink                 Tloc           100%       N/A       1%          2
b - Manifold Assault      Tloc           60%        N/A       1%          4
c - Apportation           Tloc           100%       N/A       1%          1
d - Storm Form            Tmut/Air       29%        N/A       43%         7
e - Irradiate             Conj/Tmut      29%        3d21      1%          5

Your spell library contained the following spells:

 Spells                   Type           Power      Damage    Failure   Level
 Foxfire                  Conj/Fire      100%       2x1d9     1%          1
 Kiss of Death            Conj/Necr      100%       2d13      1%          1
 Magic Dart               Conj           100%       1d8       1%          1
 Shock                    Conj/Air       100%       1d9       1%          1
 Sting                    Tmut/Pois      100%       1d8       1%          1
 Passwall                 Tmut/Erth      35%        N/A       1%          2
 Poisonous Vapours        Pois/Air       68%        N/A       1%          2
 Searing Ray              Conj           100%       2d8       1%          2
 Static Discharge         Conj/Air       100%       2-7/arc   1%          2
 Wereblood                Tmut           64%        N/A       1%          2
 Gell's Gravitas          Tloc           60%        N/A       1%          3
 Mephitic Cloud           Conj/Pois/Air  41%        N/A       1%          3
 Swiftness                Air            54%        N/A       1%          3
 Teleport Other           Tloc           60%        N/A       1%          3
 Volatile Blastmotes      Fire/Tloc      78%        2d16      1%          3
 Hailstorm                Conj/Ice       33%        3d8       3%          3
 Stone Arrow              Conj/Erth      66%        3d11      3%          3
 Ice Form                 Ice/Tmut       42%        N/A       4%          4
 Petrify                  Tmut/Erth      42%        N/A       4%          4
 Iskenderun's Battlesphe  Conj           53%        2d10      4%          5
 Dispersal                Tloc           30%        N/A       8%          6
 Necrotise                Necr           52%        1d6       9%          1
 Sandblast                Erth           26%        2d8       9%          1
 Summon Small Mammal      Summ           52%        N/A       9%          1
 Flame Wave               Conj/Fire      33%        2d10      11%         4
 Fulminant Prism          Conj/Hex       16%        3d10      11%         4
 Call Imp                 Summ           26%        N/A       13%         2
 Ensorcelled Hibernation  Hex/Ice        26%        N/A       13%         2
 Scorch                   Fire           26%        2d6       13%         2
 Sublimation of Blood     Necr           13%        N/A       13%         2
 Conjure Ball Lightning   Conj/Air       26%        3x3d7     21%         6
 Call Canine Familiar     Summ           13%        N/A       26%         3
 Confusing Touch          Hex            13%        N/A       26%         3
 Frozen Ramparts          Ice            26%        1d4       26%         3
 Inner Flame              Hex/Fire       13%        N/A       26%         3
 Ozocubu's Armour         Ice            13%        N/A       26%         3
 Summon Guardian Golem    Hex/Summ       13%        N/A       26%         3
 Silence                  Hex/Air        17%        N/A       28%         5
 Statue Form              Tmut/Erth      28%        N/A       56%         6
 Anguish                  Hex/Necr       6%         N/A       63%         4
 Cause Fear               Hex            6%         N/A       63%         4
 Dispel Undead            Necr           13%        3d9       63%         4
 Olgreb's Toxic Radiance  Pois           13%        N/A       63%         4
 Summon Ice Beast         Ice/Summ       13%        N/A       63%         4
 Iron Shot                Conj/Erth      16%        9d4       86%         6
 Borgnjor's Vile Clutch   Necr/Erth      6%         N/A       93%         5
 Metabolic Englaciation   Hex/Ice        6%         N/A       93%         5
 Disjunction              Tloc           30%        N/A       97%         8
 Simulacrum               Ice/Necr       6%         N/A       100%        6
 Summon Cactus Giant      Summ           6%         N/A       100%        6
 Enfeeble                 Hex            6%         N/A       100%        7
 Haunt                    Necr/Summ      6%         N/A       100%        7
 Ozocubu's Refrigeration  Ice            6%         4d8       100%        7
 Spellforged Servitor     Conj/Summ      16%        N/A       100%        7
 Summon Hydra             Summ           6%         N/A       100%        7
 Borgnjor's Revivificati  Necr           6%         N/A       100%        8
 Discord                  Hex            6%         N/A       100%        8
 Ignition                 Fire           6%         3d4       100%        8
 Lehudib's Crystal Spear  Conj/Erth      16%        10d5      100%        8
 Necromutation            Tmut/Necr      21%        N/A       100%        8
 Death's Door             Necr           6%         N/A       100%        9
 Animate Armour           Summ/Erth      Unusable   N/A       N/A         4

Dungeon Overview and Level Annotations

Branches:
Dungeon (15/15)            Temple (1/1) D:5            Lair (5/5) D:9
 Shoals (4/4) Lair:3        Snake (4/4) Lair:3        Slime (0/5) Lair:4
    Orc (2/2) D:10            Elf (3/3) Orc:2        Vaults (5/5) D:14
  Crypt (3/3) Vaults:2       Tomb (0/3) Crypt:3      Depths (4/4) D:15
    Zot (1/5) Depths:4      Sewer (visited)

Altars:
Ashenzari
Cheibriados
Dithmenos
Elyvilon
Fedhas
Gozag
Hepliaklqana
Kikubaaqudgha
Makhleb
Nemelex Xobeh
Okawaru
Qazlal
Ru
Sif Muna
Trog
Uskayaw
Vehumet
Wu Jian
Xom
Yredelemnul
Zin
The Shining One
Jiyva

Shops:
D:5 :**   D:6 (   D:9 !:*   D:10 *   D:11 (:   D:13 ([=?   Orc:2 *[==!
Snake:2 !([!   Depths:2 *

Portals:
Hell: Depths:1 Depths:2 Depths:3 Depths:4
Abyss: Depths:2 Depths:3
Pandemonium: Depths:1 Depths:2
Ziggurat: Depths:4

Annotations:
Elf:3 3 runed translucent doors, exclusion: 3 doors, Siore's ghost, adept FeBe


Innate Abilities, Weirdness & Mutations

You can breathe blasts of fire.
Your fiery red scales are hard. (AC +12)
You cannot fit into any form of body armour.
Your flesh is heat resistant. (rF+)
You are cold-blooded and may be slowed by cold attacks.


Message History

You feel drained.
Unknown command.
You beat the titan into a bloody pulp!!!
The titan is almost dead.
Unknown command.
You pummel the titan!!
You kill the titan!
Dithmenos accepts your kill.
You hear some strange, mumbled words.
A bolt of acid appears from out of thin air!
The bolt of acid hits you!! You resist.
Your life force feels restored.
You barely miss something. Something touches you! You partially resist.
You feel drained.
Unknown command.
You hit something.
Something touches you but does no damage.
Unknown command.
You pummel something!!
Your tail-slap misses something.
Your shadow barely misses something.
You hear some strange, mumbled words.
A bolt of acid appears from out of thin air!
The bolt of acid hits you! You resist.
Unknown command.
You hit something but do no damage.
You hear some strange, mumbled words.
A bolt of acid appears from out of thin air!
The bolt of acid hits you!! You resist.
You emit a cloud of dark smoke.
The acid corrodes you!
Unknown command.
Unknown command.
You completely miss something.
Your tail-slap misses something.
Your shadow hits something. Something touches you. You partially resist.
You feel drained.
Unknown command.
You miss something.
You hear some strange, mumbled words.
A crystal spear appears from out of thin air!
The crystal spear hits you!!!!
You die...

..............................##.
...#.......#.....................
.###.......##....................
.# #........##............##..###
.###.[.......##...........##..# #
..##..........#######......##.###
....[..........#######.........##
(.............§#§§§###<......^.#.
##............§§@{[.##..........#
##.......⌠....§§§§§.##...#####.##
##............§§§§§.##...# #.#
.#.............#...###...#####.#
...............#######......##.##
..............#######..#........#
.....))......##.......##.......##
............##........##.......#
#.<[.......##..........#....####


There were no monsters in sight!

Vanquished Creatures
  3 dread liches
  Boris (thrice) (Vaults:4 Crypt:1 Crypt:2)
  A Killer Klown (Depths:4)
  Bai Suzhen (Elf:3)
  Vv (Depths:3)
  7 caustic shrikes
  3 shard shrikes (Depths:3)
  Xtahua (Depths:2)
  Margery (Vaults:2)
  Vashnia (Snake:4)
  A curse toe (Crypt:3)
  2 bone dragons (Depths:4)
  Zenata (Vaults:1)
  The ghost of Pyess the Warrior, an adept AtFi of Hepliaklqana (Snake:2)
  3 liches (Crypt:3)
  7 titans
  A deep elf blademaster (Elf:3)
  3 tentacled monstrosities
  A walking crystal tome (Depths:4)
  Jorgrun (Shoals:1)
  A deep elf master archer (Elf:3)
  Asterion (Snake:4)
  3 quicksilver dragons
  2 sphinxes
  Polyphemus (Shoals:4)
  A walking earthen tome (Depths:4)
  A death cob (Depths:4)
  5 krakens (Shoals:4)
  10 ancient champions
  7 storm dragons
  The ghost of Amikeex the Brawler, an adept TrMo of Nemelex Xobeh (Depths:1)
  5 shadow dragons
  Donald (Snake:3)
  Roxanne (Elf:1)
  The ghost of Lyckin the Peltast, an adept DjFi of the Shining One (Depths:1)
  A revenant (Crypt:3)
  6 nagarajas
  5 tengu reavers
  6 deep elf sorcerers
  9 frost giants
  2 iron dragons
  23 vault wardens
  A draconian shifter (Depths:4)
  11 fire giants
  17 ghouls
  Louise (Shoals:2)
  4 curse skulls
  A draconian scorcher (Depths:4)
  2 war gargoyles
  3 orc warlords
  17 ironbound preservers
  2 deep elf elementalists (Elf:3)
  A spriggan defender (Depths:2)
  3 reapers
  33 very ugly things
  A juggernaut skeleton (Crypt:2)
  7 vampire knights
  10 ironbound thunderhulks
  10 stone giants
  12 deep elf demonologists
  A black draconian (Depths:4)
  A red draconian (Depths:4)
  A white draconian (Depths:4)
  4 purple draconians
  3 green draconians
  9 deep elf annihilators
  12 dire elephants
  A lorocyproca (Depths:2)
  6 spark wasps
  6 ettins
  10 deep elf death magi
  A yellow draconian (Depths:4)
  16 fire dragons
  17 yaktaur captains
  6 merfolk javelineers
  An eidolon (Vaults:2)
  3 entropy weavers
  8 merfolk impalers
  6 jiangshi
  9 great orbs of eyes
  9 ice dragons
  7 deep elf high priests
  A peacekeeper (Vaults:3)
  5 hydras
  5 salamander tyrants
  Erolcha (D:10)
  31 vault guards
  2 ogre magi
  A rakshasa (Depths:1)
  A spriggan zombie (Crypt:1)
  9 ironbound frosthearts
  5 catoblepae
  3 merfolk avatars
  9 two-headed ogres
  5 boulder beetles
  A fenstrider witch skeleton (Crypt:3)
  17 anacondas
  13 centaur warriors
  3 spriggan air magi
  Erica (Orc:1)
  A spriggan skeleton (Crypt:3)
  2 alligator snapping turtles (Shoals:4)
  4 death knights
  10 death yaks
  8 tengu warriors
  2 merfolk aquamancers
  5 deep troll shamans
  4 vampire magi
  A death yak (shapeshifter) (Vaults:5)
  4 deep troll earth magi
  8 satyrs
  25 naga warriors
  An azure jelly zombie (Crypt:3)
  21 naga sharpshooters
  13 shock serpents
  5 spriggan berserkers
  29 dancing weapons
  6 orc high priests
  Urug (Lair:4)
  21 spriggans
  15 hell knights
  A shock serpent (shapeshifter) (Vaults:5)
  A storm dragon zombie (Crypt:2)
  2 shadow wraiths
  2 soul eaters (Crypt:1)
  6 skysharks
  Nergalle (Orc:1)
  14 deep elf knights
  A titan skeleton (Crypt:3)
  21 skeletal warriors
  8 iron trolls
  58 deep trolls
  5 glowing orange brains
  Lodul (D:10)
  6 salamander mystics
  3 bog bodies (Crypt:3)
  8 sea snakes
  10 deep elf archers
  7 flayed ghosts
  6 naga ritualists
  A death drake (shapeshifter) (Vaults:4)
  4 lindwurms
  17 harpies
  42 deep elf zephyrmancers
  30 ironbound convokers
  A shadow dragon zombie (Crypt:1)
  27 orc knights
  5 wizards
  6 mana vipers
  9 phantasmal warriors
  27 deep elf pyromancers
  A harpy (shapeshifter) (Depths:3)
  An iron dragon zombie (Crypt:3)
  A stone giant zombie (Vaults:4)
  8 necromancers
  23 ugly things
  26 fauns
  6 orc sorcerers
  A frost giant skeleton (Crypt:1)
  10 elephants
  13 cyclopes
  9 manticores
  27 salamanders
  A black mamba (shapeshifter) (D:14)
  A guardian serpent (shapeshifter) (D:15)
  A moth of wrath (Depths:4)
  41 black mambas
  Maurice (D:10)
  17 vault sentinels
  11 merfolk sirens
  Joseph (D:10)
  24 naga magi
  4 gargoyles
  2 smoke demons
  5 guardian serpents
  An orange demon (Depths:1)
  2 torpor snails (Lair:4)
  10 water nymphs
  6 cane toads
  A dire elephant skeleton (Crypt:2)
  A sea snake zombie (Crypt:2)
  2 rime drakes
  7 freezing wraiths
  A komodo dragon (shapeshifter) (Vaults:5)
  A spark wasp simulacrum (Depths:3)
  A white draconian zombie (Crypt:2)
  An efreet (D:15)
  7 komodo dragons
  A green draconian skeleton (Crypt:1)
  An anaconda simulacrum (Crypt:2)
  A kobold demonologist (D:11)
  A pale draconian skeleton (Crypt:2)
  4 guardian mummies
  7 tengu conjurers
  An ice devil (Depths:1)
  30 yaktaurs
  35 merfolk
  6 trolls
  A harpy zombie (Crypt:1)
  12 hornets
  7 polar bears
  2 shadow dragon simulacra (Depths:3)
  A catoblepas skeleton (Crypt:1)
  A hellwing (Depths:1)
  5 wind drakes
  A tarantella (shapeshifter) (Elf:2)
  14 blink frogs
  A harpy skeleton (Crypt:1)
  A snapping turtle (shapeshifter) (Depths:4)
  10 snapping turtles
  Grinder (D:5)
  19 dream sheep
  A jumping spider (Vaults:4)
  A culicivora zombie (Crypt:1)
  An ettin zombie (Crypt:3)
  14 flying skulls
  36 slime creatures
  2 shadows
  2 air elementals (Elf:1)
  A fire giant simulacrum (Depths:3)
  An ettin skeleton (Vaults:4)
  A fire dragon skeleton (Crypt:1)
  13 wraiths
  4 wyverns
  A dire elephant simulacrum (Crypt:1)
  A hog (shapeshifter) (Vaults:5)
  A ynoxinul (Depths:2)
  9 basilisks
  11 water elementals
  28 yaks
  6 steam dragons
  2 redbacks (Vaults:4)
  5 fire elementals
  An unseen horror simulacrum (D:10)
  A fire bat zombie (Crypt:2)
  A chaos spawn (Depths:1)
  6 wargs
  8 vampire mosquitoes
  Edmund (D:5)
  A harpy simulacrum (Crypt:1)
  48 nagas
  4 acid dragons
  10 water moccasins
  2 merfolk skeletons
  2 sky beasts (D:8)
  An ogre skeleton (Vaults:4)
  7 ice beasts
  A water nymph skeleton (Crypt:1)
  4 black bears
  31 orc warriors
  A snapping turtle zombie (Crypt:2)
  A swamp dragon zombie (Crypt:2)
  A black bear (shapeshifter) (Elf:1)
  12 ogres
  8 boggarts
  A dream sheep skeleton (Crypt:1)
  24 wolves
  16 centaurs
  A phantom (D:5)
  A draconian zombie (Crypt:3)
  6 kobold brigands
  10 bullfrogs
  5 gnoll sergeants
  2 scorpions
  5 necrophages
  9 earth elementals
  6 wights
  A hornet simulacrum (D:8)
  A raiju zombie (Crypt:1)
  7 killer bees
  13 electric eels
  6 howler monkeys
  2 human zombies (Crypt:1)
  A jelly (D:5)
  34 orc priests
  5 hounds
  A centaur skeleton (Crypt:3)
  2 gnoll boudas
  3 human skeletons (Crypt:1)
  21 orc wizards
  Natasha (thrice) (D:4)
  5 iguanas
  A scorpion zombie (Crypt:3)
  A centaur simulacrum (D:8)
  2 mummies (Crypt:1)
  19 gnolls
  7 adders
  A steam dragon zombie (Crypt:2)
  2 shadow imps
  4 white imps (D:8)
  4 ufetubi
  3 worms
  2 dart slugs
  65 orcs
  4 bats
  7 endoplasms
  3 giant cockroaches
  10 goblins
  12 hobgoblins
  3 jackals
  41 kobolds
  8 quokkas
  8 ball pythons
  An endoplasm zombie (Crypt:1)
  4 frilled lizards
  A kobold zombie (Crypt:2)
  A quokka zombie (Crypt:3)
  11 rats
  7 tentacles (Shoals:4)
2193 creatures vanquished.

Vanquished Creatures (collateral kills)
  A ball python (Sewer)
1 creature vanquished.

Vanquished Creatures (others)
  A lich (Depths:4)
  A stone giant (Depths:3)
  A soul eater (Crypt:3)
  3 deep elf knights
  A deep elf zephyrmancer (Elf:2)
  A deep elf pyromancer (Elf:2)
  A manticore (D:12)
  A water elemental (Elf:2)
  A naga (Snake:1)
  An orc (Orc:2)
  18 tentacles (Shoals:4)
30 creatures vanquished.

Grand Total: 2224 creatures vanquished

Notes
Turn   | Place    | Note
-------+----------+-------------------------------------------
     0 | D:1      | pkoi the Draconian Monk began the quest for the Orb.
     0 | D:1      | Reached XP level 1. HP: 19/19 MP: 1/1
   113 | D:1      | Reached XP level 2. HP: 26/26 MP: 2/2
   424 | D:1      | Reached skill level 4 in Unarmed Combat
   872 | D:2      | Reached XP level 3. HP: 31/31 MP: 3/3
  1149 | D:2      | Found a shadowy altar of Dithmenos.
  1177 | D:2      | Became a worshipper of Dithmenos the Shadowed
  1177 | D:2      | Reached * piety under Dithmenos
  1177 | D:2      | Reached ** piety under Dithmenos
  1479 | D:3      | Identified a scroll of acquirement
  1479 | D:3      | Acquired the +0 pair of gloves "Duvoushu" {Dex+3}
  1517 | D:3      | Reached XP level 4. HP: 38/38 MP: 4/4
  1566 | D:3      | Found a sparkling altar of Nemelex Xobeh.
  1630 | D:3      | Reached skill level 1 in Stealth
  1736 | D:3      | Found a glowing drain.
  1751 | Sewer    | Entered a sewer
  1767 | Sewer    | Noticed a kobold brigand
  1789 | Sewer    | Killed a kobold brigand
  1790 | Sewer    | Reached skill level 5 in Unarmed Combat
  1790 | Sewer    | Reached XP level 5. HP: 8/46 MP: 5/5
  1973 | Sewer    | Reached *** piety under Dithmenos
  2386 | D:3      | Reached skill level 12 in Unarmed Combat
  2386 | D:3      | Reached XP level 6. HP: 52/52 MP: 6/6
  2772 | D:4      | Noticed Natasha
  2773 | D:4      | Noticed an ice beast
  2779 | D:4      | Killed Natasha
  2785 | D:4      | Killed an ice beast
  2786 | D:4      | Your scales start taking on a fiery red colour.
  2786 | D:4      | Reached XP level 7. HP: 57/59 MP: 7/7
  2786 | D:4      | Gained mutation: Your flesh is heat resistant. (rF+) [Red
                  | Draconian growth]
  2852 | D:4      | Noticed a water elemental
  2854 | D:4      | Found a stormy altar of Qazlal.
  2855 | D:4      | Noticed a fire elemental
  2855 | D:4      | Noticed an air elemental
  3016 | D:4      | Identified the +3 leather armour of Dithmenos's Reproof
                  | {rPois rF+ Str-5 Stlth+}
  3027 | D:4      | Reached **** piety under Dithmenos
  3122 | D:4      | Reached skill level 13 in Unarmed Combat
  3264 | D:4      | Found a broken altar of Ashenzari.
  3265 | D:4      | Found a hazy altar of Hepliaklqana.
  3359 | D:4      | Noticed Natasha
  3373 | D:4      | Killed Natasha
  3430 | D:4      | Noticed Natasha
  3435 | D:4      | Killed Natasha
  3746 | D:5      | Entered Level 5 of the Dungeon
  3746 | D:5      | Found Oshattua's Book Emporium.
  3785 | D:5      | Reached XP level 8. HP: 64/67 MP: 8/8
  3960 | D:5      | Found Ifeur's Antique Weapon Emporium.
  4059 | D:5      | Noticed Edmund
  4082 | D:5      | Killed Edmund
  4083 | D:5      | Reached skill level 5 in Fighting
  4203 | D:5      | Found Diujen's General Store.
  4209 | D:5      | Noticed Grinder
  4220 | D:5      | Killed Grinder
  4238 | D:5      | Found Kiulite's General Store.
  4311 | D:5      | Found a broken altar of Ashenzari.
  4437 | D:5      | Found a staircase to the Ecumenical Temple.
  4446 | Temple   | Entered the Ecumenical Temple
  4598 | D:6      | Found a glowing golden altar of the Shining One.
  4676 | D:6      | Reached XP level 9. HP: 71/74 MP: 9/9
  4697 | D:6      | Found Aheicle's Antique Weapon Emporium.
  5416 | D:7      | Acquired 895 gold pieces
  5486 | D:5      | Bought a manual of Unarmed Combat for 880 gold pieces
  6334 | D:7      | Reached skill level 5 in Dodging
  6710 | D:8      | Reached ***** piety under Dithmenos
  6974 | D:8      | Noticed a polar bear
  6984 | D:8      | Killed a polar bear
  6985 | D:8      | Reached skill level 5 in Stealth
  6985 | D:8      | Reached skill level 14 in Unarmed Combat
  7335 | D:8      | Noticed a polar bear
  7338 | D:8      | Reached XP level 10. HP: 83/83 MP: 10/10
  8077 | D:9      | Reached skill level 15 in Unarmed Combat
  8132 | D:9      | Found Muhibea's General Store.
  8135 | D:9      | Bought a potion of heal wounds for 85 gold pieces
  8196 | D:9      | Found a staircase to the Lair.
  8726 | D:9      | Found Fuhax's Distillery.
  8735 | D:9      | Bought a potion of mutation for 120 gold pieces
  8737 | D:9      | Found Qam Uda's Book Shop.
  8800 | D:9      | Noticed a two-headed ogre
  8811 | D:9      | Killed a two-headed ogre
  8812 | D:9      | Reached skill level 16 in Unarmed Combat
  8966 | D:9      | Found a glowing silver altar of Zin.
  8966 | D:9      | Found an opulent altar of Gozag.
  8999 | D:10     | Entered Level 10 of the Dungeon
  9078 | D:10     | Found a staircase to the Orcish Mines.
  9151 | D:10     | Noticed Erolcha
  9164 | D:10     | Killed Erolcha
  9165 | D:10     | Reached XP level 11. HP: 91/91 MP: 11/11
  9238 | D:10     | Noticed Maurice
  9243 | D:10     | Killed Maurice
  9482 | D:10     | Noticed a two-headed ogre
  9560 | Lair:1   | Entered Level 1 of the Lair of Beasts
  9750 | Lair:1   | Reached skill level 17 in Unarmed Combat
 10568 | Lair:2   | Noticed a skyshark
 11470 | Lair:3   | Noticed a catoblepas
 11742 | Lair:3   | Found a staircase to the Shoals.
 11749 | Lair:3   | Reached XP level 12. HP: 104/104 MP: 12/12
 11760 | Lair:3   | Reached skill level 18 in Unarmed Combat
 11996 | Lair:3   | Killed a catoblepas
 12495 | Lair:3   | Noticed a seven-headed hydra
 12507 | Lair:3   | Killed a seven-headed hydra
 12617 | Lair:3   | Found a staircase to the Snake Pit.
 12636 | Lair:3   | Reached ****** piety under Dithmenos
 13028 | Lair:4   | Noticed a six-headed hydra
 13040 | Lair:4   | Killed a six-headed hydra
 13133 | Lair:4   | Reached skill level 10 in Fighting
 13152 | Lair:4   | Noticed Urug
 13164 | Lair:4   | Killed Urug
 13217 | Lair:4   | Identified the +1 sling "Fyvvydue" {drain, Dex+4}
 13438 | Lair:4   | Noticed a death yak
 13456 | Lair:4   | Killed a death yak
 13536 | Lair:4   | Noticed a death yak
 13546 | Lair:4   | Killed a death yak
 13547 | Lair:4   | Reached skill level 19 in Unarmed Combat
 14055 | Lair:4   | Noticed a death yak
 14055 | Lair:4   | Noticed a death yak
 14055 | Lair:4   | Noticed a death yak
 14079 | Lair:4   | Killed a death yak
 14178 | Lair:4   | Killed a death yak
 14182 | Lair:4   | Killed a death yak
 14212 | Lair:4   | Found a viscous altar of Jiyva.
 14224 | Lair:4   | Found a staircase to the Slime Pits.
 14302 | Lair:5   | Entered Level 5 of the Lair of Beasts
 14406 | Lair:5   | Reached XP level 13. HP: 95/116 MP: 13/13
 14431 | Lair:5   | Reached skill level 10 in Dodging
 15243 | D:5      | Bought an Inescapable Atlas for 352 gold pieces
 15246 | D:5      | Learned a level 2 spell: Blink
 15790 | Lair:5   | Reached skill level 1 in Spellcasting
 15790 | Lair:5   | Reached skill level 1 in Translocations
 16748 | Lair:5   | Learned a level 4 spell: Manifold Assault
 17271 | D:10     | Noticed Joseph
 17295 | D:10     | Killed Joseph
 17316 | D:10     | Found Zuugag's Fire Supplies.
 17379 | D:10     | Noticed Lodul
 17391 | D:10     | Killed Lodul
 17906 | D:10     | Reached XP level 14. HP: 85/126 MP: 19/19
 18323 | D:10     | You fall into a shaft and drop 2 floors!
 18623 | D:11     | Found Wiwa's Self-Improvement Boutique.
 18916 | D:10     | Reached skill level 20 in Unarmed Combat
 19453 | D:11     | Found Jauc's Weapon Emporium.
 20231 | D:12     | Reached skill level 1 in Invocations
 20331 | D:12     | Reached skill level 5 in Translocations
 21095 | D:13     | Found Dyham's Antique Weapon Shoppe.
 21191 | D:13     | HP: 6/126 [deep elf pyromancer/bolt of fire (12)]
 21554 | D:13     | Found Amaicwu's Jewellery Shop.
 21554 | D:13     | Found Ruler's Magic Scroll Shop.
 21591 | D:13     | Reached skill level 5 in Spellcasting
 21599 | D:13     | Found Baroth's Armour Emporium.
 21615 | D:13     | Found a flickering gateway to a bazaar.
 21637 | Bazaar   | Entered a bazaar
 21788 | Bazaar   | Found Poudyuq's General Store.
 21797 | Bazaar   | Found Zeicwaph's Armour Shoppe.
 21824 | Bazaar   | Found Soesa's Jewellery Boutique.
 21836 | Bazaar   | Found Dukkalo's Antique Armour Shop.
 22084 | D:13     | Reached skill level 1 in Shields
 22105 | D:13     | Bought a scroll of teleportation for 48 gold pieces
 22105 | D:13     | Bought 2 scrolls of blinking for 240 gold pieces
 22121 | D:13     | Bought the +3 pair of boots of the Game of Life {rPois
                  | Str+2 Dex-4} for 397 gold pieces
 23009 | Snake:1  | Entered Level 1 of the Snake Pit
 24733 | Snake:1  | Reached skill level 5 in Invocations
 24867 | Snake:1  | Reached XP level 15. HP: 118/132 MP: 24/24
 26603 | Snake:2  | Noticed a nagaraja
 27877 | Snake:2  | Found Kikhahuni's Distillery.
 27877 | Snake:2  | Found Mumou's Distillery.
 27878 | Snake:2  | Found Jeonnef's Armour Shoppe.
 27878 | Snake:2  | Noticed a nagaraja
 27884 | Snake:2  | Killed a nagaraja
 28031 | Snake:2  | Reached skill level 5 in Shields
 28212 | Snake:2  | You fall into a shaft and drop 1 floor!
 28472 | Snake:2  | Found Segyxy's Weapon Emporium.
 28480 | Snake:2  | Bought the -2 hat of the Alchemist {rElec rPois rF+ rC+ rN+
                  | Will+ rMut rCorr} for 566 gold pieces
 28480 | Snake:2  | Found the -2 hat of the Alchemist {rElec rPois rF+ rC+ rN+
                  | Will+ rMut rCorr}
 28552 | Snake:2  | Found a runed translucent door.
 28552 | Snake:2  | Noticed Pyess's ghost (adept AtFi)
 31470 | Snake:3  | Noticed a nagaraja
 31490 | Snake:3  | Killed a nagaraja
 31785 | Snake:3  | Reached XP level 16. HP: 130/139 MP: 19/27
 32548 | Shoals:1 | Entered Level 1 of the Shoals
 32646 | Shoals:1 | Noticed Jorgrun
 32820 | D:5      | Bought a book of Cantrips for 132 gold pieces
 32822 | D:5      | Learned a level 1 spell: Apportation
 34448 | D:14     | Found a gate to the Vaults.
 35552 | D:14     | Learned a level 7 spell: Storm Form
 35587 | D:15     | Entered Level 15 of the Dungeon
 35721 | D:15     | Reached skill level 1 in Transmutations
 35721 | D:15     | Reached skill level 1 in Air Magic
 35930 | D:15     | Found a shimmering blue altar of Sif Muna.
 36108 | D:15     | Found a staircase to the Depths.
 38063 | Shoals:1 | Killed Jorgrun
 38733 | Shoals:1 | Identified the +1 robe of the Good {rPois rN+}
 39919 | Shoals:2 | Noticed Louise
 39975 | Shoals:2 | Killed Louise
 40146 | Shoals:1 | Reached skill level 10 in Invocations
 41348 | Shoals:2 | Reached XP level 17. HP: 138/146 MP: 14/29
 43212 | Orc:1    | Entered Level 1 of the Orcish Mines
 43212 | Orc:1    | Noticed Erica
 43220 | Orc:1    | Killed Erica
 43372 | Orc:2    | Entered Level 2 of the Orcish Mines
 43444 | Orc:1    | Noticed Nergalle
 43463 | Orc:1    | Killed Nergalle
 43476 | Orc:1    | Reached skill level 5 in Transmutations
 43628 | Orc:2    | Found a staircase to the Elven Halls.
 43634 | Orc:2    | Reached skill level 5 in Air Magic
 46759 | Orc:2    | Found Wuidio's Distillery.
 46767 | Orc:2    | Bought 2 potions of heal wounds for 130 gold pieces
 46767 | Orc:2    | Bought a potion of haste for 130 gold pieces
 47012 | Orc:2    | Found Tyman's Assorted Antiques.
 47012 | Orc:2    | Found Loqiluf's Jewellery Shoppe.
 47013 | Orc:2    | Found Noetuc's Armour Emporium.
 47013 | Orc:2    | Found Cuggacon's Jewellery Shoppe.
 47020 | Orc:2    | Bought a scroll of blinking for 165 gold pieces
 47780 | Snake:3  | Noticed Donald
 47788 | Snake:3  | Killed Donald
 48398 | Snake:4  | Entered Level 4 of the Snake Pit
 51252 | Snake:4  | Reached skill level 10 in Shields
 51738 | Snake:3  | Reached XP level 18. HP: 139/154 MP: 31/31
 54376 | Snake:4  | Noticed Vashnia
 54520 | Snake:4  | Killed Vashnia
 55023 | D:13     | Bought the ring "Nagreniq" {rN+ Int+6 Dex+2} for 569 gold
                  | pieces
 55356 | Snake:4  | Got a serpentine rune of Zot
 55373 | Snake:4  | Noticed Asterion
 59132 | Shoals:4 | Entered Level 4 of the Shoals
 59641 | Shoals:4 | Noticed Polyphemus
 61671 | Shoals:4 | Got a barnacled rune of Zot
 62342 | Elf:1    | Entered Level 1 of the Elven Halls
 62714 | Elf:1    | Identified Roxanne's Cyclopedia of the Tektite
 62714 | Elf:1    | Noticed Roxanne
 63582 | Elf:1    | Reached skill level 21 in Unarmed Combat
 64024 | Elf:1    | Reached XP level 19. HP: 160/160 MP: 11/32
 64443 | Elf:1    | Reached skill level 10 in Air Magic
 64466 | Elf:1    | Reached skill level 10 in Transmutations
 64517 | Elf:1    | Got the Lessons on Destruction
 64548 | Elf:1    | Learned a level 5 spell: Irradiate
 64805 | Elf:1    | Reached skill level 1 in Conjurations
 64883 | Elf:1    | Paralysed by an air elemental for 1 turns
 66213 | Elf:1    | Killed Roxanne
 67258 | Elf:2    | Found a runed translucent gate.
 67258 | Elf:2    | Found a runed translucent gate.
 67258 | Elf:2    | Found a runed translucent gate.
 68368 | Elf:3    | Entered Level 3 of the Elven Halls
 68368 | Elf:3    | Found a runed translucent gate.
 68368 | Elf:3    | Found a runed translucent gate.
 68368 | Elf:3    | Found a runed translucent gate.
 68373 | Elf:3    | Noticed Siore's ghost (adept FeBe)
 68447 | Elf:3    | Found a viscous altar of Jiyva.
 68697 | Elf:2    | Reached skill level 5 in Conjurations
 70448 | Elf:3    | Identified the +3 short sword of the Tired Xeniums {flame,
                  | rF+}
 70449 | Elf:3    | Identified the ring of Vamaten {rF+ Str-2 Int+4}
 70835 | Elf:3    | Identified the ring "Qyfuopaast" {Ice Will++ MP+9 Int-5
                  | SInv}
 71239 | Elf:3    | Identified the +1 ring mail of Life {rElec rC++ Dex+3}
 71504 | Elf:3    | Identified the +0 leather armour "Riapsip" {Harm Regen+}
 71504 | Elf:3    | Identified the ring of Impatience {rElec rF+ SInv}
 72998 | Elf:3    | Identified the +11 morningstar "Wunuunuv" {antimagic, rElec
                  | rPois rCorr}
 73012 | Elf:3    | Identified the +0 scale mail of the Beginning {Dex+2}
 73020 | Elf:3    | Identified the staff of earth "Foapuagu" {Str+3}
 73023 | Elf:3    | Got Sif Muna's Tome of Flammable Adjuration
 73196 | Elf:3    | Noticed Bai Suzhen
 73680 | Vaults:1 | Entered Level 1 of the Vaults
 74201 | Vaults:1 | Reached XP level 20. HP: 168/168 MP: 33/33
 74297 | Vaults:1 | Noticed Zenata
 74624 | Vaults:1 | Found a flickering gateway to a bazaar.
 74630 | Bazaar   | Entered a bazaar
 74905 | Bazaar   | Found Liecruko's Book Shoppe.
 74906 | Bazaar   | Found Dole's Antique Weapon Shoppe.
 74949 | Bazaar   | Found Tosesa Tutz's Weapon Emporium.
 74949 | Bazaar   | Found Enaikhux's Jewellery Emporium.
 74971 | Bazaar   | Bought a +4 ring of slaying for 1248 gold pieces
 75083 | Vaults:1 | Paralysed by a great orb of eyes for 3 turns
 75086 | Vaults:1 | HP: 4/168 [yaktaur[a vault warden] (16)]
 76763 | Depths:1 | Entered Level 1 of the Depths
 77295 | Depths:1 | Found a one-way gate leading to the halls of Pandemonium.
 77720 | Depths:1 | Found a runed translucent gate.
 77721 | Depths:1 | Found a runed translucent gate.
 77721 | Depths:1 | Found a runed translucent gate.
 78031 | Depths:1 | Found a broken altar of Ashenzari.
 78194 | Depths:1 | Noticed Amikeex's ghost (adept TrMo)
 78195 | Depths:1 | Noticed Lyckin's ghost (adept DjFi)
 78998 | Depths:1 | Found a gateway to Hell.
 79005 | Depths:1 | Found an ancient bone altar of Kikubaaqudgha.
 79849 | Depths:2 | Found Osynwuol's Elemental Accessories.
 80733 | Depths:1 | Reached skill level 15 in Shields
 81071 | Depths:2 | Found a one-way gate to the infinite horrors of the Abyss.
 81397 | Depths:2 | Reached skill level 22 in Unarmed Combat
 82268 | Depths:3 | Noticed Xtahua
 82360 | Depths:3 | Noticed a shard shrike
 82362 | Depths:3 | Noticed a shard shrike
 82362 | Depths:3 | Noticed Vv
 82365 | Depths:3 | Found the +8 frozen axe "Frostbite" {freeze, freezing
                  | cloud, *Noise Fly rC+}
 82365 | Depths:3 | Noticed a shard shrike
 83113 | Depths:2 | Reached XP level 21. HP: 98/174 MP: 34/34
 84096 | Vaults:1 | Killed Zenata
 84803 | Vaults:1 | Reached skill level 23 in Unarmed Combat
 85872 | D:13     | Bought a scarf of resistance for 480 gold pieces
 86189 | Vaults:2 | Found a staircase to the Crypt.
 87333 | Vaults:2 | Noticed Margery
 88884 | Vaults:2 | Killed Margery
 89295 | Vaults:3 | Reached skill level 10 in Stealth
 89552 | Vaults:3 | Reached skill level 24 in Unarmed Combat
 91479 | Vaults:3 | Reached XP level 22. HP: 185/185 MP: 7/35
 93146 | Vaults:4 | Reached skill level 10 in Translocations
 94068 | Vaults:4 | Identified the amulet "Ureturry" {rF+ rN+ Regen+ rCorr
                  | Str-3}
 96290 | Shoals:4 | Reached skill level 10 in Spellcasting
 98296 | Shoals:4 | Killed Polyphemus
 98605 | Snake:2  | Killed Pyess's ghost
 98837 | Snake:4  | Killed Asterion
101292 | Vaults:5 | Entered Level 5 of the Vaults
101753 | Vaults:4 | Reached XP level 23. HP: 120/196 MP: 31/37
102243 | Vaults:5 | Identified the +7 hand axe of Conscience {flame, Int+3
                  | Dex+3}
102810 | Vaults:5 | Identified the +5 scimitar of Understanding {freeze, Str+2}
103496 | Vaults:5 | Reached skill level 15 in Fighting
104078 | Vaults:5 | Identified the +4 falchion "Jellybane" {flame, Str+3
                  | Stlth+}
104078 | Vaults:5 | Identified the +0 leather armour "Saxofel" {+Inv rC- rN+++
                  | Dex-4}
104078 | Vaults:5 | Identified the amulet of Ibacorghi {Fragile Regen+ Str+3
                  | Stlth+}
104338 | Vaults:5 | Noticed Boris
104514 | Vaults:4 | Killed Boris
104908 | Vaults:5 | Got a silver rune of Zot
105584 | Vaults:5 | Noticed a dread lich
105593 | Vaults:5 | Killed a dread lich
105813 | Vaults:5 | Noticed a dread lich
105834 | Vaults:5 | Killed a dread lich
105950 | Vaults:5 | HP: 5/187 [shadow dragon (6)]
106815 | Vaults:5 | Identified the +6 dagger of the Median {freeze, rN+}
108710 | Depths:1 | Killed Lyckin's ghost
108726 | Depths:1 | Killed Amikeex's ghost
108840 | Depths:1 | Identified the +8 long sword of Imminent Death {venom,
                  | rPois Int+2 Dex+2}
109013 | Crypt:1  | Entered Level 1 of the Crypt
109505 | Crypt:1  | Reached skill level 15 in Dodging
109618 | Crypt:1  | Noticed Boris
109979 | Crypt:1  | Killed Boris
111663 | Crypt:1  | Reached XP level 24. HP: 187/206 MP: 24/39
112057 | Crypt:1  | Reached skill level 25 in Unarmed Combat
112416 | Crypt:2  | Noticed Boris
112459 | Crypt:2  | Killed Boris
113686 | Crypt:3  | Entered Level 3 of the Crypt
114250 | Crypt:3  | Found the +7 great mace "Undeadhunter" {deathbane, rN+}
114422 | Crypt:3  | Reached skill level 26 in Unarmed Combat
115227 | Crypt:3  | Found a staircase to the Tomb.
115579 | Crypt:3  | Noticed a dread lich
117572 | Crypt:3  | Killed a dread lich
117639 | Crypt:3  | Got the Octavo of the Roasted Sphinx
117640 | Crypt:3  | Identified the staff of conjuration "Dorr" {*Slow rC+ rN++}
117992 | Depths:2 | Killed Xtahua
118805 | Depths:3 | Reached skill level 27 in Unarmed Combat
118875 | Depths:3 | Found a shimmering altar of Xom.
118925 | Depths:3 | Found a hazy altar of Hepliaklqana.
119381 | Depths:3 | Killed a shard shrike
119496 | Depths:3 | Killed a shard shrike
119659 | Depths:3 | Killed a shard shrike
120066 | Depths:3 | Killed Vv
120601 | Elf:3    | Killed Bai Suzhen
121035 | Depths:4 | Entered Level 4 of the Depths
121545 | Depths:3 | Reached XP level 25. HP: 200/214 MP: 32/39
122307 | Depths:4 | Found a white marble altar of Elyvilon.
122374 | Depths:4 | Found a one-way gateway to a ziggurat.
124189 | Depths:4 | Found a gate to the Realm of Zot.
124259 | Zot:1    | Entered Level 1 of the Realm of Zot
125035 | Zot:1    | Noticed a Killer Klown
125197 | Zot:1    | Noticed an ancient lich
125212 | Depths:4 | Killed a Killer Klown
125577 | Depths:4 | Killed from afar by an ancient lich

Illustrated notes

Levels and vault maps discovered:
D:1:      saegor_arrival_simple_d, layout_loops_ring
D:2:      layout_loops_cross, basic_altar, minmay_misc_feat_enclosed
D:3:      minmay_spotlight, layout_loops_corners, lemuel_round_altar,
          cheibrodos_sewer_entry_drain
D:4:      layout_loops_ring, nicolae_qazlal_style_of_elements,
          mainiacjoe_overflow_divided_tiny, lightli_corner_chamber, uniq_natasha
D:5:      layout_cave_pools, minmay_temple_entry_poolview, serial_shops, shop,
          shop_fountains, shop, shop, minmay_ruined_shrine, uniq_grinder,
          uniq_edmund
D:6:      layout_basic, old_standard_altar, serial_shops,
          nicolae_shop_tiny_waterfront
D:7:      layout_gridville, nicolae_underground_beach
D:8:      layout_basic, serial_ice, serial_ice_a, serial_ice_m, serial_ice_h,
          serial_ice_f, serial_ice_e, serial_ice_g, serial_ice_k
D:9:      layout_rooms, grunt_temple_overflow_gold_and_silver, lair_entry_dummy,
          serial_shops, shop, shop, kennysheep_mini
D:10:     minmay_the_grid_4x2 [minmay_the_grid_plusring,
          minmay_the_grid_embedded, minmay_the_grid_mess, minmay_the_grid_tree,
          minmay_the_grid_x, minmay_the_grid_rooms,
          minmay_the_grid_broken_lines, minmay_the_grid_prize_big_room],
          layout_loops_ring, david_orc_2, serial_glass, glass_columns_b,
          glass_columns_a, nicolae_shop_fire_sale [nicolae_sub_dead_trees],
          minivault_11, kennysheep_generic_room_14, uniq_erolcha, uniq_lodul,
          uniq_maurice, uniq_joseph
D:11:     layout_gridville, serial_shops, shop, grunt_decor_resistance,
          nicolae_shop_self_help
D:12:     hellmonk_destroyed_diamonds, layout_cave_pods
D:13:     layout_big_octagon, serial_shops, bzr_entry_islet, shop, shop,
          shop_coins, shop, hangedman_cracks_in_the_wall
D:14:     minmay_containers, layout_basic, david_vaults_2,
          corexii_hall_statues_x
D:15:     grunt_enter_depths_snipers, layout_gridville,
          nicolae_sif_muna_condensation
Temple:   nicolae_temple_no_exploring_needed
Lair:1:   layout_hall_layers
Lair:2:   layout_regular_city, serial_bayou, serial_bayou_lagoon_b,
          serial_bayou_pond_d, serial_bayou_lagoon_a, serial_bayou_shore_b
Lair:3:   wad_woods_04, layout_loops_ring, elwin_shoals_entry_rooms,
          minmay_snake_entry_guardpost_small
Lair:4:   layout_cave_pods, slime_entry_1, uniq_urug
Lair:5:   minmay_lair_end_enchanted_forest, layout_hall_layers,
          grunt_megastairs_2
Shoals:1: nicolae_shoals_island_circles, layout_shoals, uniq_jorgrun
Shoals:2: layout_shoals, nicolae_shoals_hunting_party, uniq_louise
Shoals:3: layout_shoals, argonaut_gorgonesque
Shoals:4: shoals_end_hangedman, layout_shoals, nicolae_shoals_kraken_party,
          uniq_polyphemus
Snake:1:  layout_basic, st_stairs_9, drop_trap, serial_bayou_shore_a,
          grunt_megastairs_3
Snake:2:  layout_layer_cave, ebering_ghost_reflecting_pool,
          serial_bayou_shore_b, lemuel_fruit_tree, minmay_shoptagon,
          grunt_megastairs_4
Snake:3:  layout_onion_interference, st_stairs_9, drop_trap,
          nicolae_snake_scaly_snakehead, uniq_donald
Snake:4:  snake_pit, layout_rooms, nicolae_snake_snakewalk, uniq_vashnia,
          uniq_asterion
Orc:1:    layout_diamond_mine, uniq_nergalle, uniq_erica
Orc:2:    st_orc_pillars, layout_diamond_mine, guppyfry_orc_lava_fort
Elf:1:    nicolae_elf_arrival_aired_out, layout_loops_corners,
          minmay_elf_annihilation, grunt_megastairs_1, uniq_roxanne
Elf:2:    nicolae_elf_blades_splatter_lattice [nicolae_blade_entry_pointy_end],
          layout_geoelf_diagonals
Elf:3:    minmay_elf_hall_curves, layout_geoelf_diagonals, gammafunk_ghost_ooze,
          special_room [special_room_orc], uniq_bai_suzhen
Vaults:1: hangedman_vaults_cutoff, vaults_room_grunt_arrival_ludios,
          nicolae_vaults_diamond_2, nicolae_vaults_hexular_roomagon,
          nicolae_vaults_tetromino_L_1, vaults_mumra_minichess_inversion,
          v_alt_pattern_4, nicolae_vaults_apartment_2,
          nicolae_vaults_branching_niches, nicolae_vaults_sightless_eye,
          vaults_dpeg_doors, nicolae_vaults_diagonal_hallway_6,
          nicolae_vaults_windows_and_doors_thing, ontoclasm_vaults_idyll,
          v_misc_1, layout_vaults_maze, serial_shops, bzr_entry_lakeside,
          uniq_zenata
Vaults:2: minmay_crypt_entry_simple_statues, nicolae_vaults_yaktaur_gun_rack,
          ontoclasm_vaults_ring_large, nicolae_vaults_meiosis,
          ontoclasm_vaults_tryst, nicolae_vaults_double_plus_3,
          nicolae_vaults_angled_halls, grunt_vaults_twisty,
          nicolae_vaults_variable_pillar_hall, nicolae_vaults_triangles,
          nicolae_vaults_network_quinsquares
          [nicolae_vaults_network_quincunx_subvault,
          nicolae_vaults_network_quincunx_subvault,
          nicolae_vaults_network_quincunx_subvault,
          nicolae_vaults_network_quincunx_subvault],
          ontoclasm_vaults_decontamination, nicolae_vaults_shock_wave,
          nicolae_vaults_double_plus_2, nicolae_vaults_border_crossing,
          nicolae_vaults_little_squares_3, layout_vaults_big_cross, uniq_margery
Vaults:3: nicolae_vaults_frosty_reception, v_misc_26, v_misc_26,
          nicolae_vaults_stairing_the_circle, hangedman_vaults_slice,
          nicolae_vaults_six-pack, vaults_dpeg_diagonal, nicolae_vaults_house_2,
          layout_vaults_omnigrid
Vaults:4: nicolae_vaults_thirteen_compartments, v_misc_18,
          grunt_vaults_diagonal, hangedman_vaults_cutoff,
          nicolae_vaults_storage_closets_2, v_misc_30,
          nicolae_vaults_double_plus_2, nicolae_vaults_little_squares_6,
          v_misc_13, nicolae_vaults_trapezoid_4, v_misc_33,
          nicolae_vaults_weapon_check, nicolae_vaults_apartment_1,
          layout_vaults_ring
Vaults:5: uniq_boris
Crypt:1:  layout_regular_city, grunt_crypt_arrival_guarded_gate
Crypt:2:  layout_chaotic_city
Crypt:3:  david_glass_crypt, layout_misc_corridors,
          nicolae_tomb_entry_rubble_hallway, minivault_23
Depths:1: layout_honeycomb, kiku_gazebo_garden_becter, pf_coc_iceberg,
          gammafunk_ghost_cemetery, rand_demon_pan_entry_3,
          nicolae_ashenzari_panopticon
Depths:2: minmay_angry_zag, layout_cave_shapes, rand_demon_pan_entry_5,
          abyss_entry, hell_entry, minmay_misc_feat_pillars,
          nicolae_concentric_dashed_squares_mild, nicolae_elemental_shop,
          minmay_misc_feat_encased
Depths:3: minmay_coctagon, layout_cave_shapes, serial_column_ruins,
          column_ruins_grid_5, column_ruins_corridor_dead_end,
          column_ruins_grid_1, column_ruins_open_tiny,
          column_ruins_corridor_straight, column_ruins_corridor_straight,
          nicolae_abyss_entry_one_way_or_another, lemuel_tele_altar,
          grunt_metal_band, xom_confusion_cloud, uniq_vv, uniq_xtahua
Depths:4: grunt_zot_entry_alcove, layout_cave_shapes, enter_ziggurat_e,
          elyvilon_altar_1, hell_entry
Zot:1:    hangedman_zot_vaults_quadrants, layout_cathedral_of_symmetry

Skill      XL: |  1  2  3  4  5  6  7  8  9 10 11 12 13 14 15 16 17 18 19 20 21 22 23 24 25 |
---------------+----------------------------------------------------------------------------+-----
Unarmed Combat | 4 5 12 13 14 16 17 19 20 21 22 24 27 | 27.0
Dodging        | 3 4 5 6 8 9 11 12 13 15 | 15.6
Stealth        | 1 2 3 5 6 8 9 10 11 12 | 12.0
Fighting       | 4 5 6 9 11 12 13 14 15 | 15.9
Spellcasting   | 3 6 7 8 9 10 12 | 12.5
Translocations | 3 6 8 9 11 12 | 12.5
Invocations    | 5 7 10 11 12 13 | 13.6
Shields        | 3 6 9 10 12 15 | 15.3
Transmutations | 4 7 9 12 13 14 | 14.0
Air Magic      | 4 7 9 10 | 10.3
Conjurations   | 7 9 |  9.8

Action                     |  1- 3 |  4- 6 |  7- 9 | 10-12 | 13-15 | 16-18 | 19-21 | 22-24 | 25-27 || total
---------------------------+-------+-------+-------+-------+-------+-------+-------+-------+-------++-------
  Melee: Unarmed           |    62 |    60 |   328 |   493 |  1249 |  2320 |  2034 |  2492 |   257 ||  9295
         Tailslap          |    11 |    15 |    53 |    82 |   201 |   238 |   418 |   508 |    47 ||  1573
         Whip              |    52 |    63 |       |       |       |       |       |       |       ||   115
         Punch             |       |     5 |    27 |    56 |    68 |       |       |       |       ||   156
         Sling             |       |       |       |       |     1 |       |       |       |       ||     1
   Fire: Sling             |       |       |    87 |   113 |   281 |       |       |       |       ||   481
  Throw: Dart              |       |       |       |     7 |       |    17 |       |       |       ||    24
   Cast: Blink             |       |       |       |       |     1 |       |     1 |       |       ||     2
         Manifold Assault  |       |       |       |       |   105 |   776 |   273 |   424 |    56 ||  1634
         Apportation       |       |       |       |       |       |     1 |       |     1 |       ||     2
         Irradiate         |       |       |       |       |       |       |     7 |    34 |    21 ||    62
 Invoke: Shadow Form       |       |       |       |       |       |     1 |     2 |     1 |       ||     4
Ability: Breathe Fire      |       |       |     5 |    25 |    39 |   100 |    71 |     5 |       ||   245
  Evoke: Wand              |       |       |       |       |       |     1 |       |     1 |       ||     2
    Use: Scroll            |     8 |     3 |     9 |     3 |     6 |     1 |    10 |       |     1 ||    41
         Potion            |     2 |     4 |       |       |       |     1 |     5 |     3 |     1 ||    16
   Stab: Sleeping          |     1 |     6 |     8 |    23 |    11 |    12 |    32 |    12 |       ||   105
         Distracted        |       |       |       |       |     6 |     7 |     8 |     8 |       ||    29
         Petrified         |       |       |       |       |     3 |       |       |       |       ||     3
 Armour: Skin              |    32 |    36 |    74 |   118 |   247 |   272 |   277 |   277 |    72 ||  1405
  Dodge: Dodged            |    63 |   131 |   215 |   302 |   705 |   646 |   587 |   540 |   149 ||  3338
         Repelled          |       |       |       |       |       |    26 |    19 |       |       ||    45
  Block: Other             |       |       |    57 |    90 |   120 |       |       |       |       ||   267
         Reflection        |       |       |     1 |     1 |    22 |   139 |   103 |    51 |     6 ||   323
         Buckler           |       |       |       |       |   185 |   268 |   165 |       |       ||   618
         Kite shield       |       |       |       |       |       |   721 |  1216 |  1448 |   258 ||  3643
